 Dungeon Crawl Stone Soup version 0.32-a0-630-g46d191b0ed (webtiles) character file.

Game seed: 15039600215990266152

53 zenocrate the Sneak (level 4, 0/24 HPs)
             Began as a Kobold Earth Elementalist on Mar 6, 2024.
             Constricted to death by a ball python (1 damage)
             ... on level 3 of the Dungeon.
             The game lasted 00:02:40 (1997 turns).

zenocrate the Sneak (Kobold Earth Elementalist)     Turns: 1997, Time: 00:02:40

Health: 0/24       AC:  2    Str:  5    XL:     4   Next: 10%
Magic:  6/7        EV:  5    Int: 16    God:
Gold:   167        SH:  0    Dex: 17    Spells: 0/7 levels left

rFire   . . .        a - +0 dagger (venom)
rCold   . . .        (no shield)
rNeg    . . .        e - +0 robe
rPois   .            (no helmet)
rElec   .            (no cloak)
rCorr   .            (no gloves)
SInv    .            (no boots)
Will    .....        (no amulet)
Stlth   ++++         (no ring)
HPRegen 0.24/turn    (no ring)
MPRegen 0.10/turn

%: no passive effects
@: very slightly contaminated, constricted
A: small, no large weapons, nightstalker 3
a: no special abilities


You were on level 3 of the Dungeon.
You visited 1 branch of the dungeon, and saw 3 of its levels.

You collected 167 gold pieces.

Inventory:

Hand Weapons
 a - a +0 dagger of venom (weapon)
Armour
 e - a +0 robe (worn)
Wands
 i - a wand of flame (10)
 l - a wand of light (6)
Scrolls
 d - 3 scrolls of identify {unknown}
 h - a scroll of brand weapon {unknown}
 m - a scroll of immolation {unknown}
Potions
 b - 2 potions of magic
 c - a potion of degeneration {unknown}
 f - a potion of attraction {unknown}
 g - 2 potions of mutation {unknown}
 j - 2 potions of curing {unknown}
 k - 2 potions of heal wounds {unknown}


   Skills:
 + Level 1.6 Short Blades
 + Level 0.0 Armour
 - Level 2.4 Dodging
 + Level 5.3 Stealth
 - Level 2.1 Spellcasting
 - Level 1.0 Conjurations
 - Level 3.0 Earth Magic
 + Level 0.0 Evocations


You couldn't memorise any spells.
You knew the following spells:

 Your Spells              Type           Power      Damage    Failure   Level
a - Sandblast             Erth           22%        2d7       6%          1
b - Confusing Touch       Hex            1%         N/A       52%         3
c - Stone Arrow           Conj/Erth      16%        3d8       26%         3

Your spell library contained the following spells:

 Spells                   Type           Power      Damage    Failure   Level
 Passwall                 Erth           11%        N/A       19%         3
 Slow                     Hex            4%         N/A       21%         1
 Sigil of Binding         Hex            1%         N/A       52%         3
 Tukima's Dance           Hex            1%         N/A       52%         3
 Vampiric Draining        Necr           1%         2d6       52%         3
 Brom's Barrelling Bould  Conj/Erth      8%         2d3       65%         4
 Petrify                  Alch/Erth      6%         N/A       73%         4
 Iskenderun's Mystic Bla  Conj/Tloc      3%         2d3       86%         4
 Dimensional Bullseye     Hex/Tloc       0%         N/A       90%         4


Dungeon Overview and Level Annotations

Branches:
Dungeon (3/15)

Altars:
Ru


Innate Abilities, Weirdness & Mutations

You are small and have problems with some larger weapons.
You are completely attuned to the shadows.


Message History

You are electrocuted!!
Ouch! That really hurt!
* * * LOW HITPOINT WARNING * * *
The ball python bites you but does no damage.
The ball python closely misses you.
You are too injured to fight recklessly!
Unknown command.
Okay, then.
Casting: Sandblast (safe; 6% risk of failure)
Confirm with . or Enter, or press ? or * to list all spells.
Aiming: Sandblast (safe; 6% risk of failure)
Press: ? - help, Shift-Dir - straight line, f - goblin
Aim: a goblin, wielding a +0 dagger of electrocution (77% to hit)
Okay, then.
Okay, then.
Aiming: Bolt of Light
Press: ? - help, Shift-Dir - straight line, f - goblin
Aim: a goblin, wielding a +0 dagger of electrocution (64% to hit)
The bolt of light misses the goblin.
The bolt of light hits the ribbon worm!
The ribbon worm is severely wounded.
The ribbon worm is blinded.
The goblin misses you. The ball python misses you.
The ball python barely misses you.
Casting: Sandblast (safe; 6% risk of failure)
Confirm with . or Enter, or press ? or * to list all spells.
Aiming: Sandblast (safe; 6% risk of failure)
Press: ? - help, Shift-Dir - straight line, f/p - goblin
Aim: a goblin, wielding a +0 dagger of electrocution (77% to hit)
You miscast Sandblast.
You are very lightly contaminated with residual magic.
Nothing appears to happen.
The ball python closely misses you. The ball python grabs you.
The ball python constricts you.
The goblin hits you with a +0 dagger of electrocution.
* * * LOW HITPOINT WARNING * * *
Aiming: Bolt of Light
Press: ? - help, Shift-Dir - straight line, f/p - goblin
Aim: a goblin, wielding a +0 dagger of electrocution (64% to hit)
The bolt of light misses the goblin.
The ball python bites you.
* * * LOW HITPOINT WARNING * * *
The ball python constricts you.
You die...

.# #... .....w#
...#..# ...).B#
...#gS# #. .....@# #..
### .#.#.|###.. ...
.........#######.. #..
....##..#..~~~..#.##..
..###.#..~...~..#.#..
.. #.#...~._.~...#...
##.#..~...~..#....
#..#..~~~..#.##..
#...#######..##..


You could see a ribbon worm (wandering, blind, unable to see you), a giant
cockroach, a goblin and a ball python.

Vanquished Creatures
  An adder (D:2)
  3 ball pythons (D:1)
  3 endoplasms (D:1)
  2 giant cockroaches
  7 goblins
  5 hobgoblins
  2 quokkas (D:1)
  5 bats
  2 frilled lizards (D:3)
  2 kobolds (D:1)
  9 rats
41 creatures vanquished.

Notes
Turn   | Place    | Note
-------+----------+-------------------------------------------
     0 | D:1      | zenocrate the Kobold Earth Elementalist began the quest for
                  | the Orb.
     0 | D:1      | Reached XP level 1. HP: 10/10 MP: 3/3
    73 | D:1      | Reached skill level 3 in Stealth
   206 | D:1      | Reached XP level 2. HP: 15/15 MP: 3/5
   250 | D:1      | Reached skill level 4 in Stealth
   605 | D:1      | Reached XP level 3. HP: 19/19 MP: 6/6
   609 | D:1      | Learned a level 3 spell: Stone Arrow
  1329 | D:2      | Reached skill level 1 in Short Blades
  1494 | D:2      | Reached skill level 5 in Stealth
  1552 | D:2      | Reached XP level 4. HP: 24/24 MP: 7/7
  1805 | D:2      | Learned a level 3 spell: Confusing Touch
  1969 | D:3      | Found a sacrificial altar of Ru.
  1997 | D:3      | HP: 1/24 [ball python (2)]
  1997 | D:3      | Constricted to death by a ball python

Illustrated notes

Levels and vault maps discovered:
D:1:      erik_arrival_cave_to_civilisation [erik_arrival_cave_to_hall],
          layout_basic, minmay_fountain_box, bh_walls_and_bars
D:2:      layout_loops_ring, minmay_tripent
D:3:      layout_rooms, nicolae_ru_awakened_eye, st_stairs_2,
          minmay_tree_intersection

Skill      XL: |  1  2  3 |
---------------+----------+-----
Stealth        | 3 4 5 |  5.3
Short Blades   | 1 |  1.6
Dodging        | |  2.4
Spellcasting   | |  2.1
Conjurations   | |  1.0
Earth Magic    | |  3.0

Action                     |  1- 3 |  4- 6 || total
---------------------------+-------+-------++-------
  Melee: Dagger            |    35 |     8 ||    43
   Cast: Sandblast         |    19 |       ||    19
  Evoke: Wand              |       |     2 ||     2
   Stab: Sleeping          |    12 |     3 ||    15
 Armour: Robe              |    10 |     9 ||    19
  Dodge: Dodged            |    21 |    15 ||    36

Table legend: (Time is in decaauts)
 A = Elapsed time spent in this place.
 B = Non-inter-level travel time spent in this place.
 C = Inter-level travel time spent in this place.
 D = Time resting spent in this place.
 E = Time spent auto-exploring this place.
 F = Levels seen in this place.
 G = Mean time per level.
                   A        B        C        D        E       F      G
               +--------+--------+--------+--------+--------+-----+--------+
         Total |   2003 |   1966 |     37 |      0 |   1708 |   3 |  667.7 |
       Dungeon |   2003 |   1966 |     37 |      0 |   1708 |   3 |  667.7 |
               +--------+--------+--------+--------+--------+-----+--------+

Top non-repeatable levels by time:
     D:1: 1298 daAuts
     D:2: 568 daAuts
     D:3: 137 daAuts
